Lightning vs Panthers

Created - March 29 2012 at 17:39

Goals
1 2 3 T
Lightning 0 0 1 1
Panthers 1 2 3 6
Shots
1 2 3 T
Lightning 8 6 9 23
Panthers 10 13 11 34

Period #1

1. Panthers , Sam Gagner 31 (Andy Greene, Andrew Brunette) at 14:17

Penalties :
Teddy Purcell (TBL) for Holding (Minor) at 0:50, John Erskine (TBL) for Tripping (Minor) at 7:14

Period #2

2. Panthers , Chris Drury 10 (Lee Stempniak, Andy Greene) at 2:11
3. Panthers , Daniel Alfredsson 18 (Dave Bolland) at 18:10

Penalties :
Andy Sutton (TBL) for Hooking (Minor) at 7:53

Period #3

4. Panthers , Andrew Brunette 15 (Sergei Shirokov, Andy Greene) at 5:08
5. Panthers , Dave Bolland 26 (Johnny Oduya, Ryan Smyth) at 9:18
6. Lightning , Eric Nystrom 1 (Marcel Goc, Scott Hartnell) at 15:45
7. Panthers , Ryan Smyth 29 (Dave Bolland) at 16:54

Penalties :
Paul Stastny (TBL) for Roughing (Minor) at 6:28, John Erskine (TBL) for Roughing (Minor) at 17:28

Goalie Stats

Jaroslav Halak (TBL), 27 saves from 33 shots - (0.818), L, 20-14-1, 56:54 minutes
Cory Schneider (TBL), 1 saves from 1 shots - (1.000), 3:06 minutes
Semyon Varlamov (FLA), 22 saves from 23 shots - (0.957), W, 22-22-2, 60:00 minutes

Players Stats

Lightning
Player Name              G  A  P  +/- PIM S  H  SB FO    MP 
------------------------------------------------------------
Andrej Meszaros          0  0  0  -3  0   0  0  1  0/0   20 
Andy Sutton              0  0  0  -1  2   0  1  1  0/0   18 
Brent Seabrook           0  0  0  -1  0   0  0  1  0/0   18 
Derek Joslin             0  0  0   0  0   0  0  0  0/0   6  
Eric Nystrom             1  0  1  -1  0   2  0  0  1/1   15 
John Erskine             0  0  0   0  4   0  0  0  0/0   7  
Josh Gorges              0  0  0  -3  0   0  1  5  0/0   21 
Marcel Goc               0  1  1  -1  0   4  0  1  13/22 19 
Marek Zidlicky           0  0  0  -1  0   0  0  1  0/0   13 
Martin Havlat            0  0  0  -3  0   4  0  0  0/0   16 
Martin St. Louis         0  0  0  -1  0   5  0  1  0/1   23 
Nick Spaling             0  0  0   0  0   0  0  0  0/0   5  
Patrick Kane             0  0  0  -1  0   2  0  0  0/0   20 
Paul Stastny             0  0  0  -1  2   0  5  0  15/28 20 
Scott Hartnell           0  1  1  -1  0   2  3  0  1/2   15 
Teddy Purcell            0  0  0  -3  2   2  1  0  1/2   18 
Tim Gleason              0  0  0  -1  0   0  2  3  0/0   16 
Tomas Plekanec           0  0  0  -3  0   2  0  2  18/28 21 
Panthers
Player Name              G  A  P  +/- PIM S  H  SB FO    MP 
------------------------------------------------------------
Andrew Brunette          1  1  2   2  0   2  2  0  1/3   18 
Andy Greene              0  3  3   3  0   1  0  0  0/0   14 
Chris Drury              1  0  1   1  0   1  0  0  17/29 20 
Daniel Alfredsson        1  0  1   2  0   5  1  0  0/0   21 
Dave Bolland             1  2  3   2  0   4  2  0  13/30 21 
Jason Blake              0  0  0   0  0   1  0  0  0/4   7  
Jason Garrison           0  0  0   1  0   3  0  1  0/0   23 
Jiri Hudler              0  0  0   1  0   0  1  0  0/1   19 
Johnny Oduya             0  1  1   4  0   1  0  0  0/0   13 
Jonas Holos              0  0  0   0  0   0  0  1  0/0   24 
Kyle Quincey             0  0  0   0  0   0  0  0  0/0   0  
Lee Stempniak            0  1  1   1  0   3  1  0  0/1   17 
Matt Cullen              0  0  0   0  0   0  0  0  0/0   0  
Mike Komisarek           0  0  0   2  0   1  1  1  0/0   22 
Ryan OByrne              0  0  0   0  0   1  3  0  0/0   24 
Ryan Smyth               1  1  2   2  0   5  1  0  0/1   19 
Sam Gagner               1  0  1   2  0   6  1  1  1/1   19 
Sergei Shirokov          0  1  1   2  0   0  1  1  3/14  19 

3 Stars

1 - Dave Bolland (FLA)
2 - Andrew Brunette (FLA)
3 - Andy Greene (FLA)

Power Play

Lightning - 0 on 0 Attempt(s) - 0.00%
Panthers - 0 on 5 Attempt(s) - 0.00%

Penalty Kill

Lightning - 5 on 5 Attempt(s) - 100.00% - Score 0 goal in Penalty Kill
Panthers - 0 on 0 Attempt(s) - 0.00% - Score 0 goal in Penalty Kill

Game Notes

Cory Schneider enters game at 16:54 of 3rd period

Finance

Level 1 -- Attendance: 5882 (98.03%) -- Ticket Income $411,740.00
Level 2 -- Attendance: 5000 (100.00%) -- Ticket Income $150,000.00
Level 3 -- Attendance: 3500 (100.00%) -- Ticket Income $70,000.00
Level 4 -- Attendance: 3180 (84.80%) -- Ticket Income $31,800.00
Luxury Box -- Attendance: 918 (91.80%) -- Ticket Income $137,700.00
Game was played at the BankAtlantic Center
Total Attendance: 18480 (96.00%)
Total Ticket Income: $863,730.10
Other Income: $184,548.60
Total Income: $1,048,279.00


Play by Play

Period #1

0:01 of 1st period - Paul Stastny wins face-off versus Dave Bolland in neutral zone.
0:50 of 1st period - Minor Penalty to Teddy Purcell for Holding.
0:51 of 1st period - Chris Drury wins face-off versus Tomas Plekanec in Lightning zone.
0:58 of 1st period - Shot by Jason Blake.
0:58 of 1st period - Shot Blocked by Josh Gorges.
2:02 of 1st period - Icing by Jason Garrison.
2:03 of 1st period - Tomas Plekanec wins face-off versus Andrew Brunette in Panthers zone.
2:37 of 1st period - Shot by Ryan OByrne.
2:37 of 1st period - Stopped by Jaroslav Halak without a rebound.
2:38 of 1st period - Chris Drury wins face-off versus Marcel Goc in Lightning zone.
3:05 of 1st period - Shot by Daniel Alfredsson.
3:05 of 1st period - Deflect By Ryan Smyth.
3:05 of 1st period - Stopped by Jaroslav Halak without a rebound.
3:06 of 1st period - Marcel Goc wins face-off versus Dave Bolland in Lightning zone.
3:55 of 1st period - Martin St. Louis is hit by Dave Bolland.
4:11 of 1st period - Shot by Martin St. Louis.
4:11 of 1st period - Shot Misses the Net.
4:13 of 1st period - Shot by Martin St. Louis.
4:13 of 1st period - Stopped by Semyon Varlamov with a rebound.
4:15 of 1st period - Shot by Martin St. Louis.
4:15 of 1st period - Shot Misses the Net.
4:17 of 1st period - Shot by Martin St. Louis.
4:17 of 1st period - Shot Blocked by Mike Komisarek.
4:21 of 1st period - Shot by Patrick Kane.
4:21 of 1st period - Stopped by Semyon Varlamov without a rebound.
4:22 of 1st period - Tomas Plekanec wins face-off versus Lee Stempniak in Panthers zone.
4:22 of 1st period - Andrej Meszaros is hit by Ryan OByrne and loses puck.
5:04 of 1st period - Off-side.
5:05 of 1st period - Marcel Goc wins face-off versus Sergei Shirokov in neutral zone.
5:14 of 1st period - Shot by Scott Hartnell.
5:14 of 1st period - Shot Misses the Net.
5:18 of 1st period - Shot by Eric Nystrom.
5:18 of 1st period - Stopped by Semyon Varlamov without a rebound.
5:19 of 1st period - Paul Stastny wins face-off versus Sergei Shirokov in Panthers zone.
5:33 of 1st period - Icing by Patrick Kane.
5:34 of 1st period - Chris Drury wins face-off versus Paul Stastny in Lightning zone.
5:35 of 1st period - Shot by Lee Stempniak.
5:35 of 1st period - Stopped by Jaroslav Halak without a rebound.
5:36 of 1st period - Marcel Goc wins face-off versus Sergei Shirokov in Lightning zone.
5:36 of 1st period - Marcel Goc is hit by Andrew Brunette.
6:35 of 1st period - Shot by Martin Havlat.
6:35 of 1st period - Shot Misses the Net.
6:37 of 1st period - Shot by Josh Gorges.
6:37 of 1st period - Shot Blocked by Sergei Shirokov.
6:43 of 1st period - Shot by Teddy Purcell.
6:43 of 1st period - Shot Misses the Net.
6:47 of 1st period - Shot by Tomas Plekanec.
6:47 of 1st period - Stopped by Semyon Varlamov without a rebound.
6:48 of 1st period - Paul Stastny wins face-off versus Dave Bolland in Panthers zone.
7:11 of 1st period - Shot by Dave Bolland.
7:11 of 1st period - Deflect By Ryan Smyth.
7:11 of 1st period - Stopped by Jaroslav Halak without a rebound.
7:12 of 1st period - Dave Bolland wins face-off versus Martin St. Louis in Lightning zone.
7:14 of 1st period - Minor Penalty to John Erskine for Tripping.
7:15 of 1st period - Chris Drury wins face-off versus Tomas Plekanec in Lightning zone.
7:18 of 1st period - Shot by Andy Greene.
7:18 of 1st period - Deflect By Jason Blake.
7:18 of 1st period - Stopped by Jaroslav Halak without a rebound.
7:19 of 1st period - Chris Drury wins face-off versus Tomas Plekanec in Lightning zone.
7:33 of 1st period - Daniel Alfredsson is hit by Josh Gorges.
9:19 of 1st period - Icing by Paul Stastny.
9:20 of 1st period - Dave Bolland wins face-off versus Paul Stastny in Lightning zone.
10:08 of 1st period - Icing by Andy Sutton.
10:09 of 1st period - Chris Drury wins face-off versus Marcel Goc in Lightning zone.
10:21 of 1st period - Shot by Scott Hartnell.
10:21 of 1st period - Stopped by Semyon Varlamov without a rebound.
10:22 of 1st period - Sam Gagner wins face-off versus Teddy Purcell in Panthers zone.
10:41 of 1st period - Shot by Teddy Purcell.
10:41 of 1st period - Stopped by Semyon Varlamov without a rebound.
10:42 of 1st period - Chris Drury wins face-off versus Marcel Goc in Panthers zone.
10:42 of 1st period - Chris Drury is hit by Scott Hartnell.
11:13 of 1st period - Scott Hartnell is hit by Ryan OByrne and loses puck.
12:15 of 1st period - Off-side.
12:16 of 1st period - Sergei Shirokov wins face-off versus Paul Stastny in neutral zone.
12:39 of 1st period - Shot by Patrick Kane.
12:39 of 1st period - Shot Misses the Net.
12:43 of 1st period - Shot by Martin St. Louis.
12:43 of 1st period - Stopped by Semyon Varlamov without a rebound.
12:44 of 1st period - Marcel Goc wins face-off versus Chris Drury in Panthers zone.
12:59 of 1st period - Shot by Lee Stempniak.
12:59 of 1st period - Shot Misses the Net.
13:01 of 1st period - Shot by Lee Stempniak.
13:01 of 1st period - Deflect By Chris Drury.
13:01 of 1st period - Shot Blocked by Marcel Goc.
14:09 of 1st period - Shot by Sergei Shirokov.
14:09 of 1st period - Shot Misses the Net.
14:11 of 1st period - Shot by Johnny Oduya.
14:11 of 1st period - Shot Misses the Net.
14:13 of 1st period - Shot by Andrew Brunette.
14:13 of 1st period - Shot Misses the Net.
14:17 of 1st period - Shot by Sam Gagner.
14:17 of 1st period - Goal by Sam Gagner - Lightning : 0 - Panthers : 1.
14:18 of 1st period - Paul Stastny wins face-off versus Jason Blake in neutral zone.
15:24 of 1st period - Icing by Daniel Alfredsson.
15:25 of 1st period - Tomas Plekanec wins face-off versus Dave Bolland in Panthers zone.
15:58 of 1st period - Shot by Sam Gagner.
15:58 of 1st period - Shot Blocked by Josh Gorges.
16:20 of 1st period - John Erskine is hit by Andrew Brunette and loses puck.
16:31 of 1st period - Shot by Martin St. Louis.
16:31 of 1st period - Shot Blocked by Jonas Holos.
16:49 of 1st period - Lee Stempniak is hit by Paul Stastny.
16:53 of 1st period - Patrick Kane is hit by Jiri Hudler and loses puck.
17:08 of 1st period - Tim Gleason is hit by Lee Stempniak and loses puck.
17:14 of 1st period - Off-side.
17:15 of 1st period - Tomas Plekanec wins face-off versus Jason Blake in neutral zone.
17:35 of 1st period - Shot by Daniel Alfredsson.
17:35 of 1st period - Stopped by Jaroslav Halak with a rebound.
17:37 of 1st period - Shot by Jason Garrison.
17:37 of 1st period - Shot Blocked by Josh Gorges.
17:39 of 1st period - Shot by Jason Garrison.
17:39 of 1st period - Stopped by Jaroslav Halak without a rebound.
17:40 of 1st period - Chris Drury wins face-off versus Marcel Goc in Lightning zone.
17:48 of 1st period - Icing by Scott Hartnell.
17:49 of 1st period - Sergei Shirokov wins face-off versus Marcel Goc in Lightning zone.
17:56 of 1st period - Shot by Sam Gagner.
17:56 of 1st period - Stopped by Jaroslav Halak without a rebound.
17:57 of 1st period - Dave Bolland wins face-off versus Tomas Plekanec in Lightning zone.
18:00 of 1st period - Shot by Ryan Smyth.
18:00 of 1st period - Shot Misses the Net.
18:04 of 1st period - Shot by Ryan Smyth.
18:04 of 1st period - Stopped by Jaroslav Halak without a rebound.
18:05 of 1st period - Marcel Goc wins face-off versus Chris Drury in Lightning zone.
19:46 of 1st period - Shot by Martin St. Louis.
19:46 of 1st period - Stopped by Semyon Varlamov without a rebound.
19:47 of 1st period - Paul Stastny wins face-off versus Dave Bolland in Panthers zone.

Period #2

0:01 of 2nd period - Paul Stastny wins face-off versus Dave Bolland in neutral zone.
0:12 of 2nd period - Shot by Dave Bolland.
0:12 of 2nd period - Deflect By Daniel Alfredsson.
0:12 of 2nd period - Shot Misses the Net.
0:14 of 2nd period - Shot by Dave Bolland.
0:14 of 2nd period - Shot Misses the Net.
0:16 of 2nd period - Shot by Jason Garrison.
0:16 of 2nd period - Shot Blocked by Martin St. Louis.
0:18 of 2nd period - Shot by Mike Komisarek.
0:18 of 2nd period - Stopped by Jaroslav Halak with a rebound.
0:22 of 2nd period - Shot by Daniel Alfredsson.
0:22 of 2nd period - Shot Blocked by Brent Seabrook.
1:41 of 2nd period - Shot by Sergei Shirokov.
1:41 of 2nd period - Shot Blocked by Tomas Plekanec.
1:45 of 2nd period - Shot by Sam Gagner.
1:45 of 2nd period - Shot Misses the Net.
2:07 of 2nd period - Shot by Lee Stempniak.
2:07 of 2nd period - Shot Misses the Net.
2:11 of 2nd period - Shot by Chris Drury.
2:11 of 2nd period - Goal by Chris Drury - Lightning : 0 - Panthers : 2.
2:12 of 2nd period - Chris Drury wins face-off versus Marcel Goc in neutral zone.
2:14 of 2nd period - Off-side.
2:15 of 2nd period - Marcel Goc wins face-off versus Chris Drury in neutral zone.
3:45 of 2nd period - Shot by Dave Bolland.
3:45 of 2nd period - Stopped by Jaroslav Halak without a rebound.
3:46 of 2nd period - Tomas Plekanec wins face-off versus Dave Bolland in Lightning zone.
4:03 of 2nd period - Shot by Dave Bolland.
4:03 of 2nd period - Shot Misses the Net.
4:05 of 2nd period - Shot by Dave Bolland.
4:05 of 2nd period - Shot Blocked by Andrej Meszaros.
4:07 of 2nd period - Shot by Daniel Alfredsson.
4:07 of 2nd period - Stopped by Jaroslav Halak without a rebound.
4:08 of 2nd period - Dave Bolland wins face-off versus Marcel Goc in Lightning zone.
4:13 of 2nd period - Shot by Daniel Alfredsson.
4:13 of 2nd period - Stopped by Jaroslav Halak without a rebound.
4:14 of 2nd period - Dave Bolland wins face-off versus Paul Stastny in Lightning zone.
4:25 of 2nd period - Shot by Daniel Alfredsson.
4:25 of 2nd period - Shot Blocked by Marek Zidlicky.
4:27 of 2nd period - Shot by Dave Bolland.
4:27 of 2nd period - Stopped by Jaroslav Halak without a rebound.
4:28 of 2nd period - Eric Nystrom wins face-off versus Ryan Smyth in Lightning zone.
4:36 of 2nd period - Dave Bolland is hit by Tim Gleason and loses puck.
4:43 of 2nd period - Shot by Dave Bolland.
4:43 of 2nd period - Shot Hit the Post.
4:45 of 2nd period - Shot by Ryan Smyth.
4:45 of 2nd period - Shot Blocked by Andy Sutton.
4:49 of 2nd period - Shot by Ryan Smyth.
4:49 of 2nd period - Stopped by Jaroslav Halak with a rebound.
4:51 of 2nd period - Shot by Ryan Smyth.
4:51 of 2nd period - Shot Misses the Net.
4:53 of 2nd period - Shot by Andy Greene.
4:53 of 2nd period - Deflect By Daniel Alfredsson.
4:53 of 2nd period - Stopped by Jaroslav Halak with a rebound.
5:16 of 2nd period - Shot by Sam Gagner.
5:16 of 2nd period - Shot Blocked by Tim Gleason.
5:53 of 2nd period - Shot by Teddy Purcell.
5:53 of 2nd period - Shot Misses the Net.
5:55 of 2nd period - Shot by Tomas Plekanec.
5:55 of 2nd period - Stopped by Semyon Varlamov without a rebound.
5:56 of 2nd period - Chris Drury wins face-off versus Paul Stastny in Panthers zone.
7:14 of 2nd period - Icing by Josh Gorges.
7:15 of 2nd period - Dave Bolland wins face-off versus Tomas Plekanec in Lightning zone.
7:25 of 2nd period - Icing by Andrej Meszaros.
7:26 of 2nd period - Dave Bolland wins face-off versus Tomas Plekanec in Lightning zone.
7:50 of 2nd period - Off-side.
7:51 of 2nd period - Sergei Shirokov wins face-off versus Marcel Goc in neutral zone.
7:53 of 2nd period - Minor Penalty to Andy Sutton for Hooking.
7:54 of 2nd period - Marcel Goc wins face-off versus Jason Blake in Lightning zone.
8:45 of 2nd period - Shot by Andrew Brunette.
8:45 of 2nd period - Shot Misses the Net.
8:47 of 2nd period - Shot by Andrew Brunette.
8:47 of 2nd period - Stopped by Jaroslav Halak without a rebound.
8:48 of 2nd period - Tomas Plekanec wins face-off versus Chris Drury in Lightning zone.
9:04 of 2nd period - Jason Blake is hit by Tim Gleason and loses puck.
9:17 of 2nd period - Shot by Jason Blake.
9:17 of 2nd period - Shot Blocked by Tim Gleason.
9:37 of 2nd period - Shot by Sam Gagner.
9:37 of 2nd period - Stopped by Jaroslav Halak with a rebound.
9:53 of 2nd period - Shot by Sam Gagner.
9:53 of 2nd period - Stopped by Jaroslav Halak without a rebound.
9:54 of 2nd period - Paul Stastny wins face-off versus Dave Bolland in Lightning zone.
10:10 of 2nd period - Icing by Brent Seabrook.
10:11 of 2nd period - Paul Stastny wins face-off versus Dave Bolland in Lightning zone.
10:11 of 2nd period - Paul Stastny is hit by Daniel Alfredsson.
10:34 of 2nd period - Icing by Marek Zidlicky.
10:35 of 2nd period - Teddy Purcell wins face-off versus Chris Drury in Lightning zone.
10:57 of 2nd period - Jiri Hudler is hit by Scott Hartnell and loses puck.
11:13 of 2nd period - Scott Hartnell is hit by Ryan OByrne.
11:24 of 2nd period - Icing by Ryan OByrne.
11:25 of 2nd period - Tomas Plekanec wins face-off versus Chris Drury in Panthers zone.
11:59 of 2nd period - Martin Havlat is hit by Mike Komisarek and loses puck.
12:29 of 2nd period - Shot by Jason Garrison.
12:29 of 2nd period - Stopped by Jaroslav Halak without a rebound.
12:30 of 2nd period - Paul Stastny wins face-off versus Sergei Shirokov in Lightning zone.
12:37 of 2nd period - Shot by Martin St. Louis.
12:37 of 2nd period - Stopped by Semyon Varlamov without a rebound.
12:38 of 2nd period - Dave Bolland wins face-off versus Paul Stastny in Panthers zone.
12:40 of 2nd period - Icing by Ryan Smyth.
12:41 of 2nd period - Dave Bolland wins face-off versus Paul Stastny in Panthers zone.
13:38 of 2nd period - Icing by Andy Greene.
13:39 of 2nd period - Marcel Goc wins face-off versus Sergei Shirokov in Panthers zone.
14:31 of 2nd period - Shot by Martin Havlat.
14:31 of 2nd period - Shot Misses the Net.
14:33 of 2nd period - Shot by Martin Havlat.
14:33 of 2nd period - Shot Misses the Net.
14:37 of 2nd period - Shot by Martin Havlat.
14:37 of 2nd period - Stopped by Semyon Varlamov without a rebound.
14:38 of 2nd period - Chris Drury wins face-off versus Paul Stastny in Panthers zone.
14:42 of 2nd period - Icing by Jiri Hudler.
14:43 of 2nd period - Chris Drury wins face-off versus Paul Stastny in Panthers zone.
14:43 of 2nd period - Jiri Hudler is hit by Paul Stastny and loses puck.
15:29 of 2nd period - Shot by Martin Havlat.
15:29 of 2nd period - Stopped by Semyon Varlamov without a rebound.
15:30 of 2nd period - Marcel Goc wins face-off versus Dave Bolland in Panthers zone.
15:35 of 2nd period - Shot by Marcel Goc.
15:35 of 2nd period - Stopped by Semyon Varlamov without a rebound.
15:36 of 2nd period - Tomas Plekanec wins face-off versus Dave Bolland in Panthers zone.
15:37 of 2nd period - Shot by Martin Havlat.
15:37 of 2nd period - Stopped by Semyon Varlamov with a rebound.
15:45 of 2nd period - Shot by Daniel Alfredsson.
15:45 of 2nd period - Shot Misses the Net.
15:49 of 2nd period - Shot by Dave Bolland.
15:49 of 2nd period - Shot Misses the Net.
15:51 of 2nd period - Shot by Daniel Alfredsson.
15:51 of 2nd period - Shot Misses the Net.
16:31 of 2nd period - Andrew Brunette is hit by Teddy Purcell and loses puck.
17:14 of 2nd period - Lee Stempniak is hit by Paul Stastny and loses puck.
17:32 of 2nd period - Johnny Oduya is hit by Paul Stastny and loses puck.
17:46 of 2nd period - Icing by Brent Seabrook.
17:47 of 2nd period - Paul Stastny wins face-off versus Dave Bolland in Lightning zone.
18:10 of 2nd period - Shot by Daniel Alfredsson.
18:10 of 2nd period - Goal by Daniel Alfredsson - Lightning : 0 - Panthers : 3.
18:11 of 2nd period - Marcel Goc wins face-off versus Sergei Shirokov in neutral zone.
18:14 of 2nd period - Shot by Scott Hartnell.
18:14 of 2nd period - Shot Misses the Net.
18:46 of 2nd period - Shot by Scott Hartnell.
18:46 of 2nd period - Deflect By Marcel Goc.
18:46 of 2nd period - Shot Misses the Net.

Period #3

0:01 of 3rd period - Dave Bolland wins face-off versus Paul Stastny in neutral zone.
0:16 of 3rd period - Shot by Jason Garrison.
0:16 of 3rd period - Shot Misses the Net.
0:21 of 3rd period - Icing by Martin St. Louis.
0:22 of 3rd period - Paul Stastny wins face-off versus Sergei Shirokov in Lightning zone.
0:39 of 3rd period - Martin St. Louis is hit by Sam Gagner and loses puck.
0:46 of 3rd period - Shot by Sam Gagner.
0:46 of 3rd period - Shot Misses the Net.
0:53 of 3rd period - Icing by Brent Seabrook.
0:54 of 3rd period - Paul Stastny wins face-off versus Dave Bolland in Lightning zone.
1:24 of 3rd period - Shot by Teddy Purcell.
1:24 of 3rd period - Shot Misses the Net.
1:38 of 3rd period - Shot by Martin Havlat.
1:38 of 3rd period - Shot Blocked by Jason Garrison.
1:56 of 3rd period - Shot by Jiri Hudler.
1:56 of 3rd period - Shot Blocked by Tomas Plekanec.
2:46 of 3rd period - Shot by Marcel Goc.
2:46 of 3rd period - Deflect By Scott Hartnell.
2:46 of 3rd period - Shot Misses the Net.
3:35 of 3rd period - Ryan Smyth is hit by Andy Sutton.
4:17 of 3rd period - Sam Gagner is hit by Scott Hartnell and loses puck.
4:26 of 3rd period - Icing by Eric Nystrom.
4:27 of 3rd period - Dave Bolland wins face-off versus Scott Hartnell in Lightning zone.
4:41 of 3rd period - Icing by Marcel Goc.
4:42 of 3rd period - Marcel Goc wins face-off versus Sergei Shirokov in Lightning zone.
5:02 of 3rd period - Shot by Andrew Brunette.
5:02 of 3rd period - Shot Misses the Net.
5:04 of 3rd period - Shot by Andy Greene.
5:04 of 3rd period - Shot Blocked by Tim Gleason.
5:08 of 3rd period - Shot by Andrew Brunette.
5:08 of 3rd period - Goal by Andrew Brunette - Lightning : 0 - Panthers : 4.
5:09 of 3rd period - Paul Stastny wins face-off versus Dave Bolland in neutral zone.
5:47 of 3rd period - Shot by Martin St. Louis.
5:47 of 3rd period - Stopped by Semyon Varlamov without a rebound.
5:48 of 3rd period - Tomas Plekanec wins face-off versus Chris Drury in Panthers zone.
5:49 of 3rd period - Shot by Teddy Purcell.
5:49 of 3rd period - Shot Misses the Net.
6:15 of 3rd period - Shot by Lee Stempniak.
6:15 of 3rd period - Stopped by Jaroslav Halak without a rebound.
6:16 of 3rd period - Paul Stastny wins face-off versus Andrew Brunette in Lightning zone.
6:28 of 3rd period - Minor Penalty to Paul Stastny for Roughing.
6:29 of 3rd period - Chris Drury wins face-off versus Tomas Plekanec in Lightning zone.
6:30 of 3rd period - Shot by Jonas Holos.
6:30 of 3rd period - Deflect By Sam Gagner.
6:30 of 3rd period - Stopped by Jaroslav Halak without a rebound.
6:31 of 3rd period - Tomas Plekanec wins face-off versus Chris Drury in Lightning zone.
6:46 of 3rd period - Shot by Jason Garrison.
6:46 of 3rd period - Shot Misses the Net.
7:30 of 3rd period - Shot by Daniel Alfredsson.
7:30 of 3rd period - Shot Misses the Net.
8:14 of 3rd period - Shot by Jason Garrison.
8:14 of 3rd period - Shot Misses the Net.
8:56 of 3rd period - Shot by Paul Stastny.
8:56 of 3rd period - Deflect By Patrick Kane.
8:56 of 3rd period - Stopped by Semyon Varlamov without a rebound.
8:57 of 3rd period - Dave Bolland wins face-off versus Tomas Plekanec in Panthers zone.
9:04 of 3rd period - Shot by Daniel Alfredsson.
9:04 of 3rd period - Shot Blocked by Josh Gorges.
9:06 of 3rd period - Shot by Dave Bolland.
9:06 of 3rd period - Shot Misses the Net.
9:08 of 3rd period - Shot by Ryan Smyth.
9:08 of 3rd period - Shot Misses the Net.
9:10 of 3rd period - Shot by Dave Bolland.
9:10 of 3rd period - Stopped by Jaroslav Halak with a rebound.
9:14 of 3rd period - Shot by Ryan Smyth.
9:14 of 3rd period - Shot Blocked by Josh Gorges.
9:18 of 3rd period - Shot by Dave Bolland.
9:18 of 3rd period - Goal by Dave Bolland - Lightning : 0 - Panthers : 5.
9:19 of 3rd period - Chris Drury wins face-off versus Paul Stastny in neutral zone.
10:44 of 3rd period - Shot by Marcel Goc.
10:44 of 3rd period - Shot Misses the Net.
10:48 of 3rd period - Shot by Scott Hartnell.
10:48 of 3rd period - Deflect By Marcel Goc.
10:48 of 3rd period - Stopped by Semyon Varlamov with a rebound.
10:52 of 3rd period - Shot by Andy Sutton.
10:52 of 3rd period - Shot Blocked by Sam Gagner.
10:56 of 3rd period - Shot by Marcel Goc.
10:56 of 3rd period - Stopped by Semyon Varlamov with a rebound.
10:58 of 3rd period - Shot by Marcel Goc.
10:58 of 3rd period - Shot Misses the Net.
11:02 of 3rd period - Shot by Scott Hartnell.
11:02 of 3rd period - Stopped by Semyon Varlamov without a rebound.
11:03 of 3rd period - Tomas Plekanec wins face-off versus Dave Bolland in Panthers zone.
11:16 of 3rd period - Shot by Tomas Plekanec.
11:16 of 3rd period - Deflect By Martin Havlat.
11:16 of 3rd period - Stopped by Semyon Varlamov without a rebound.
11:17 of 3rd period - Tomas Plekanec wins face-off versus Jiri Hudler in Panthers zone.
11:28 of 3rd period - Shot by Lee Stempniak.
11:28 of 3rd period - Shot Misses the Net.
11:32 of 3rd period - Shot by Johnny Oduya.
11:32 of 3rd period - Stopped by Jaroslav Halak without a rebound.
11:33 of 3rd period - Marcel Goc wins face-off versus Dave Bolland in Lightning zone.
11:33 of 3rd period - Marcel Goc is hit by Ryan Smyth.
12:30 of 3rd period - Icing by Tomas Plekanec.
12:31 of 3rd period - Tomas Plekanec wins face-off versus Chris Drury in Lightning zone.
12:45 of 3rd period - Shot by Lee Stempniak.
12:45 of 3rd period - Stopped by Jaroslav Halak without a rebound.
12:46 of 3rd period - Paul Stastny wins face-off versus Sergei Shirokov in Lightning zone.
12:54 of 3rd period - Off-side.
12:55 of 3rd period - Chris Drury wins face-off versus Paul Stastny in neutral zone.
14:25 of 3rd period - Patrick Kane is hit by Dave Bolland and loses puck.
14:34 of 3rd period - Shot by Daniel Alfredsson.
14:34 of 3rd period - Shot Misses the Net.
14:38 of 3rd period - Shot by Daniel Alfredsson.
14:38 of 3rd period - Deflect By Ryan Smyth.
14:38 of 3rd period - Shot Hit the Post.
14:40 of 3rd period - Shot by Jason Garrison.
14:40 of 3rd period - Stopped by Jaroslav Halak without a rebound.
14:41 of 3rd period - Tomas Plekanec wins face-off versus Chris Drury in Lightning zone.
15:17 of 3rd period - Icing by Ryan OByrne.
15:18 of 3rd period - Marcel Goc wins face-off versus Chris Drury in Panthers zone.
15:43 of 3rd period - Shot by Marcel Goc.
15:43 of 3rd period - Stopped by Semyon Varlamov with a rebound.
15:45 of 3rd period - Shot by Eric Nystrom.
15:45 of 3rd period - Goal by Eric Nystrom - Lightning : 1 - Panthers : 5.
15:46 of 3rd period - Tomas Plekanec wins face-off versus Sergei Shirokov in neutral zone.
15:55 of 3rd period - Icing by Jonas Holos.
15:56 of 3rd period - Scott Hartnell wins face-off versus Sergei Shirokov in Panthers zone.
16:27 of 3rd period - Shot by Sam Gagner.
16:27 of 3rd period - Stopped by Jaroslav Halak with a rebound.
16:52 of 3rd period - Icing by Andrej Meszaros.
16:53 of 3rd period - Dave Bolland wins face-off versus Tomas Plekanec in Lightning zone.
16:54 of 3rd period - Shot by Ryan Smyth.
16:54 of 3rd period - Goal by Ryan Smyth - Lightning : 1 - Panthers : 6.
16:54 of 3rd period - Cory Schneider enters game.
16:55 of 3rd period - Tomas Plekanec wins face-off versus Dave Bolland in neutral zone.
17:20 of 3rd period - Shot by Teddy Purcell.
17:20 of 3rd period - Stopped by Semyon Varlamov without a rebound.
17:21 of 3rd period - Chris Drury wins face-off versus Paul Stastny in Panthers zone.
17:21 of 3rd period - Chris Drury is hit by Paul Stastny.
17:28 of 3rd period - Minor Penalty to John Erskine for Roughing.
17:29 of 3rd period - Tomas Plekanec wins face-off versus Jason Blake in Lightning zone.
17:53 of 3rd period - Andrej Meszaros is hit by Sergei Shirokov and loses puck.
18:17 of 3rd period - Icing by Jason Garrison.
18:18 of 3rd period - Andrew Brunette wins face-off versus Marcel Goc in Panthers zone.
18:35 of 3rd period - Shot by Andrew Brunette.
18:35 of 3rd period - Shot Misses the Net.
18:43 of 3rd period - Shot by Sam Gagner.
18:43 of 3rd period - Shot Misses the Net.
19:10 of 3rd period - Off-side.
19:11 of 3rd period - Chris Drury wins face-off versus Tomas Plekanec in neutral zone.
19:14 of 3rd period - Shot by Andy Greene.
19:14 of 3rd period - Stopped by Cory Schneider without a rebound.
19:15 of 3rd period - Tomas Plekanec wins face-off versus Chris Drury in Lightning zone.


Output by the SimonT Hockey Simulator (STHS) for Stephane Roy -- Original Page W3C XHTML 1.0 Valid